 Dungeon Crawl Stone Soup version 0.24-a0-580-g6a6c3f83c1 (webtiles) character file.

Game seed: 4235320866442020808

72681 Peloso the Peltast (level 15, -5/137 HPs)
             Began as a Minotaur Fighter on Aug 22, 2019.
             Was a High Priest of Okawaru.
             Slain by a death yak (6 damage)
             ... on level 6 of the Lair of Beasts.
             The game lasted 01:00:03 (21709 turns).

Peloso the Peltast (Minotaur Fighter)              Turns: 21709, Time: 01:00:03

Health: -5/137     AC: 28    Str: 25    XL:     15   Next: 1%
Magic:  15/15      EV:  8    Int:  5    God:    Okawaru [*****.]
Gold:   1024       SH: 22    Dex: 16    Spells: 14/14 levels left

rFire    . . .     SeeInvis .   a - +2 scimitar (flame)
rCold    . . .     Gourm    .   c - +0 large shield {AC+3}
rNeg     . . .     Faith    .   k - +0 plate armour
rPois    .         Spirit   .   H - +1 hat
rElec    .         Reflect  .   R - +1 cloak {MR+}
rCorr    .         Harm     .   (no gloves)
MR       ++...                  E - +1 pair of boots
Stlth    ..........             (no amulet)
HPRegen  0.32/turn              v - +3 ring of protection
MPRegen  0.14/turn              K - +4 ring of dexterity

@: no status effects
A: retaliatory headbutt, horns 2
a: Heroism, Finesse, Renounce Religion


You were on level 6 of the Lair of Beasts.
You worshipped Okawaru.
Okawaru was extremely pleased with you.
You were hungry.

You visited 3 branches of the dungeon, and saw 20 of its levels.

You collected 1484 gold pieces.
You spent 460 gold pieces at shops.

Inventory:

Hand Weapons
 a - a +2 scimitar of flaming (weapon)
Armour
 b - a +0 scale mail
 c - a +0 large shield of protection (worn)
 j - a scarf of repulsion
 k - a +0 plate armour (worn)
 p - the +3 buckler of Purpose {rPois}
   (Okawaru gifted it to you on level 10 of the Dungeon)

   It protects you from poison.
 E - a +1 pair of boots (worn)
 H - a +1 hat (worn)
 R - a +1 cloak of magic resistance (worn)
Jewellery
 n - an uncursed ring of flight
 v - a +3 ring of protection (left hand)
 C - an uncursed ring of fire
 J - an uncursed ring of ice
 K - a +4 ring of dexterity (right hand)
Wands
 l - a wand of enslavement (10)
 t - a wand of polymorph (10)
 y - a wand of digging (2)
Scrolls
 e - a scroll of enchant armour
 g - 9 scrolls of remove curse
 h - 3 scrolls of fear {unknown}
 i - 8 scrolls of teleportation
 q - 2 scrolls of torment {unknown}
 s - 2 scrolls of blinking {unknown}
 z - 3 scrolls of silence {unknown}
 A - 3 scrolls of magic mapping
 F - 2 scrolls of fog {unknown}
 N - a scroll of summoning
 T - a scroll of noise
 V - 4 scrolls of amnesia {unknown}
Potions
 d - 7 potions of might
 m - a potion of resistance
 o - a potion of heal wounds
 r - 11 potions of curing
 u - 2 potions of haste
 w - 4 potions of agility
 x - a potion of flight
 L - a potion of invisibility {unknown}
 S - 4 potions of mutation {unknown}
 Y - 3 potions of berserk rage {unknown}
Comestibles
 f - 33 rations
 B - 6 chunks of flesh


   Skills:
 + Level 13.9 Fighting
   Level 3.6(10.4) Short Blades
 + Level 15.6(15.8) Long Blades
 + Level 13.6 Armour
 + Level 3.7 Dodging
 + Level 2.0 Stealth
 + Level 17.5 Shields
 + Level 2.5 Invocations
 + Level 2.5 Evocations


You had 14 spell levels left.
You didn't know any spells.
Your spell library contained the following spells:

 Spells                   Type           Power        Failure   Level  Hunger
 Beastly Appendage        Tmut           #.....       100%        1    ##.....
 Corona                   Hex            #......      100%        1    ##.....
 Magic Dart               Conj           #...         100%        1    ##.....
 Shock                    Conj/Air       #...         100%        1    ##.....
 Blink                    Tloc           N/A          100%        2    ###....
 Call Imp                 Summ           #.......     100%        2    ###....
 Slow                     Hex            #.......     100%        2    ###....
 Sticks to Snakes         Tmut           #.......     100%        2    ###....
 Swiftness                Chrm/Air       #.......     100%        2    ###....
 Conjure Flame            Conj/Fire      #.......     100%        3    ####...
 Inner Flame              Hex/Fire       #.......     100%        3    ####...
 Mephitic Cloud           Conj/Pois/Air  #.......     100%        3    ####...
 Portal Projectile        Hex/Tloc       #.....       100%        3    ####...
 Spider Form              Tmut/Pois      #.........   100%        3    ####...
 Static Discharge         Conj/Air       #.......     100%        3    ####...
 Airstrike                Air            #.........   100%        4    #####..
 Cause Fear               Hex            #.........   100%        4    #####..
 Ice Form                 Ice/Tmut       #.......     100%        4    #####..
 Leda's Liquefaction      Hex/Erth       #.........   100%        4    #####..
 Blade Hands              Tmut           #.........   100%        5    ######.
 Lightning Bolt           Conj/Air       #.........   100%        5    ######.


Dungeon Overview and Level Annotations

Branches:
Dungeon (13/15)            Temple (1/1) D:4            Lair (6/6) D:10
 Shoals (0/4) Lair:2        Snake (0/4) Lair:3          Orc (0/2) D:9
 Vaults (0/5) D:13
  Slime: Lair:5-6

Altars:
Ashenzari
Cheibriados
Dithmenos
Elyvilon
Fedhas
Hepliaklqana
Kikubaaqudgha
Makhleb
Nemelex Xobeh
Okawaru
Qazlal
Ru
Sif Muna
Trog
Wu Jian
Xom
Yredelemnul
Zin
The Shining One

Shops:
D:9 !   D:10 %   D:11 ?

Portals:
Trove: D:11 (give +4 fire dragon scales)

Annotations:
D:4 2 transporters, Mame's ghost, amateur HOFi
Lair:5 2 transporters
Lair:6 exclusion: 2 oklob plants


Innate Abilities, Weirdness & Mutations

You reflexively headbutt those who attack you in melee.
You have a pair of horns on your head.


Message History

The death yak is moderately wounded.
You block the death yak's attack.
Unknown command.
You slice the death yak!! You burn the death yak. You headbutt the death yak.
The death yak is heavily wounded.
You block the death yak's attack.
Unknown command.
You slice the death yak!! You burn the death yak.
Your headbutt misses the death yak.
The death yak is severely wounded.
The death yak gores you!
* * * LOW HITPOINT WARNING * * *
The death yak gores you!
* * * LOW HITPOINT WARNING * * *
You hit the death yak. You burn the death yak. You headbutt the death yak!
The death yak is almost dead.
The death yak gores you!
* * * LOW HITPOINT WARNING * * *
The death yak gores you.
You die...

# ##..# #..##
##... #...#
8.# .#...#..P#
...##....#...#
.8..#....#..P#
#
..÷.....##..##
##
#......#..##
.## #...§#@##
.^# #.÷.YY##
..#
...##.....#
..####
...........#
...#.#
#######P..##
.....# ###.#
###### ###


You could see 2 death yaks.

Vanquished Creatures
  The ghost of Uhin Nir the Tortoise, a journeyman MiBe of Trog (Lair:5)
  Josephine (D:10)
  Erolcha (D:12)
  5 hydras
  4 centaur warriors
  An anaconda (shapeshifter) (D:13)
  2 catoblepae (Lair:6)
  5 death yaks
  A tengu warrior (D:12)
  A queen ant (Lair:2)
  3 two-headed ogres
  2 deep elf magi
  4 ugly things
  3 cyclopes
  20 elephants
  A cyclops (shapeshifter) (D:13)
  Maurice (D:9)
  6 black mambas
  Joseph (Lair:1)
  A centaur zombie (D:12)
  A torpor snail (Lair:5)
  10 spiny frogs
  A gargoyle (D:13)
  3 rime drakes
  An efreet (D:12)
  A yaktaur (shapeshifter) (D:13)
  4 komodo dragons
  A tengu conjurer (D:12)
  3 polar bears (Lair:6)
  A hornet (shapeshifter) (D:12)
  Prince Ribbit (D:5)
  3 slime creatures (D:12)
  13 blink frogs
  A hornet (D:12)
  6 dream sheep
  9 hippogriffs
  4 wraiths
  2 shadows
  5 wyverns
  A centaur simulacrum (D:12)
  3 basilisks
  85 yaks
  A steam dragon (Lair:3)
  Grum (D:8)
  6 hungry ghosts
  24 water moccasins
  A two-headed ogre zombie (D:9)
  7 soldier ants (Lair:2)
  6 porcupines
  8 orc warriors
  3 ice beasts
  2 sky beasts
  2 black bears
  4 phantoms
  A boggart (D:12)
  13 wolves
  9 centaurs
  12 crocodiles
  3 ogres
  5 big kobolds
  10 bullfrogs
  A gnoll sergeant (D:11)
  6 scorpions
  A water moccasin skeleton (D:6)
  A troll zombie (D:9)
  16 killer bees
  5 wights (D:12)
  3 electric eels
  5 howler monkeys
  3 jellies
  5 crimson imps
  3 bullfrog zombies
  7 hounds
  2 quasits (D:7)
  A gnoll shaman (D:6)
  10 orc priests
  A bullfrog skeleton (D:7)
  5 iguanas
  13 orc wizards
  22 worker ants
  6 ogre zombies (D:9)
  A howler monkey zombie (D:7)
  Robin (D:2)
  20 gnolls
  21 adders
  3 shadow imps
  3 oozes
  4 worms
  3 dart slugs
  7 leopard geckos
  58 orcs
  3 ball pythons
  13 bats
  4 giant cockroaches
  24 goblins
  5 hobgoblins
  6 jackals
  18 kobolds
  A quokka (D:2)
  2 frilled lizards
  3 goblin skeletons (D:9)
  3 goblin zombies (D:9)
  A hobgoblin skeleton (D:9)
  A hobgoblin zombie (D:9)
  A leopard gecko skeleton (D:4)
  5 orc skeletons (D:9)
  12 orc zombies (D:9)
  2 quokka skeletons
  A quokka zombie (D:7)
  10 rats
  A fungus (Lair:5)
694 creatures vanquished.

Vanquished Creatures (others)
  An ogre mage (D:12)
  6 fungi
  13 plants
20 creatures vanquished.

Grand Total: 714 creatures vanquished

Notes
Turn   | Place    | Note
-------+----------+-------------------------------------------
     0 | D:1      | Peloso the Minotaur Fighter began the quest for the Orb.
     0 | D:1      | Reached XP level 1. HP: 19/19 MP: 0/0
   116 | D:1      | Reached XP level 2. HP: 24/27 MP: 1/1
   208 | D:1      | Reached skill level 4 in Shields
   628 | D:1      | Reached XP level 3. HP: 33/33 MP: 2/2
   832 | D:2      | Noticed Robin
   863 | D:2      | Killed Robin
   915 | D:2      | Noticed a scorpion
   922 | D:2      | Killed a scorpion
   922 | D:2      | Reached skill level 1 in Dodging
   922 | D:2      | Reached XP level 4. HP: 40/40 MP: 3/3
  1000 | D:2      | Reached skill level 5 in Shields
  1035 | D:2      | Reached XP level 5. HP: 26/46 MP: 4/4
  1190 | D:2      | Found a stormy altar of Qazlal.
  1581 | D:3      | Noticed a centaur
  1591 | D:3      | Killed a centaur
  2045 | D:3      | Reached XP level 6. HP: 51/53 MP: 5/5
  2496 | D:3      | Found a burning altar of Makhleb.
  2505 | D:3      | Found a shimmering altar of Xom.
  2514 | D:3      | Reached skill level 5 in Fighting
  2629 | D:4      | Found a staircase to the Ecumenical Temple.
  2643 | Temple   | Entered the Ecumenical Temple
  2650 | Temple   | Became a worshipper of Warmaster Okawaru
  2669 | D:4      | Found a sacrificial altar of Ru.
  2748 | D:4      | Reached skill level 5 in Long Blades
  2748 | D:4      | Reached skill level 5 in Armour
  2802 | D:4      | Found a transporter.
  2818 | D:4      | Found a transporter.
  2819 | D:4      | Noticed Mame's ghost (amateur HOFi)
  2966 | D:4      | Reached XP level 7. HP: 60/61 MP: 6/6
  2987 | D:4      | Reached skill level 6 in Shields
  3310 | D:5      | Entered Level 5 of the Dungeon
  3484 | D:5      | Noticed Prince Ribbit
  3496 | D:5      | Killed Prince Ribbit
  3496 | D:5      | Reached * piety under Okawaru
  3538 | D:5      | Reached skill level 7 in Shields
  3541 | D:5      | Reached XP level 8. HP: 42/70 MP: 4/7
  3571 | D:5      | Found the +7 lajatang of Order {silver, rMut}
  3658 | D:5      | Found a blossoming altar of Fedhas.
  3658 | D:5      | Found an ancient bone altar of Kikubaaqudgha.
  3729 | D:5      | Reached skill level 1 in Stealth
  3767 | D:5      | Found a bloodstained altar of Trog.
  3927 | D:5      | Found a glowing golden altar of the Shining One.
  4306 | D:6      | Reached ** piety under Okawaru
  4533 | D:6      | Reached skill level 8 in Shields
  4784 | D:6      | Got a slimy leather armour
  4795 | D:6      | Identified the +3 leather armour of the Unbroken {Dex+2
                  | Stlth+} (You found it on level 6 of the Dungeon)
  4904 | D:7      | Noticed a hippogriff
  4917 | D:7      | Killed a hippogriff
  4917 | D:7      | Reached XP level 9. HP: 57/78 MP: 8/8
  5271 | D:7      | Reached *** piety under Okawaru
  5402 | D:7      | Reached skill level 9 in Shields
  5466 | D:7      | Found a glowing silver altar of Zin.
  5466 | D:7      | Found a sparkling altar of Nemelex Xobeh.
  5604 | D:8      | Reached skill level 10 in Long Blades
  5881 | D:8      | Noticed Grum
  5888 | D:8      | Found a shadowy altar of Dithmenos.
  5900 | D:8      | Killed Grum
  6051 | D:8      | Reached skill level 10 in Shields
  6092 | D:8      | Reached **** piety under Okawaru
  6107 | D:8      | Reached XP level 10. HP: 84/88 MP: 9/9
  6421 | D:9      | Found Sej Juca's Distillery.
  6462 | D:9      | Found a staircase to the Orcish Mines.
  6519 | D:9      | Bought a potion of might for 52 gold pieces
  6519 | D:9      | Bought a potion of heal wounds for 65 gold pieces
  6519 | D:9      | Bought a potion of agility for 52 gold pieces
  6519 | D:9      | Bought a potion of curing for 39 gold pieces
  6685 | D:9      | Got a slimy dagger
  6686 | D:9      | Identified the +7 dagger "Ruitoin" {pierce, rN+ Int+4} (You
                  | found it on level 9 of the Dungeon)
  6726 | D:9      | Found a shattered altar of Ashenzari.
  6768 | D:9      | Reached skill level 11 in Shields
  6927 | D:9      | Got a crystal war axe
  6928 | D:9      | Identified the +8 war axe of World's End {chop, rElec rPois
                  | rC-} (You found it on level 9 of the Dungeon)
  6996 | D:9      | Reached ***** piety under Okawaru
  7133 | D:9      | Noticed a three-headed hydra
  7143 | D:9      | Killed a three-headed hydra
  7143 | D:9      | Reached skill level 1 in Short Blades
  7246 | D:9      | Noticed a two-headed ogre
  7253 | D:9      | Killed a two-headed ogre
  7253 | D:9      | Reached XP level 11. HP: 80/97 MP: 7/10
  7334 | D:10     | Entered Level 10 of the Dungeon
  7346 | D:10     | Noticed Maurice
  8074 | D:9      | Killed Maurice
  8074 | D:9      | Reached skill level 1 in Invocations
  8360 | D:10     | Noticed a purple ugly thing
  8392 | D:10     | Killed a purple ugly thing
  8392 | D:10     | Reached skill level 12 in Shields
  8419 | D:10     | Noticed a two-headed ogre
  8458 | D:10     | Killed a two-headed ogre
  8560 | D:10     | Noticed Josephine
  8571 | D:10     | Killed Josephine
  8571 | D:10     | Received a gift from Okawaru
  8571 | D:10     | Reached skill level 10 in Fighting
  8583 | D:10     | Got a crude buckler {god gift}
  8589 | D:10     | Identified the +3 buckler of Purpose {rPois} (Okawaru
                  | gifted it to you on level 10 of the Dungeon)
  8644 | D:10     | Found Noafuis's Food Shoppe.
  8831 | D:10     | Found a staircase to the Lair.
  8901 | D:11     | Found a portal to a secret trove of treasure.
  9464 | D:11     | Found Bufunac's Magic Scroll Emporium.
  9470 | D:11     | Bought a scroll of random uselessness for 14 gold pieces
  9470 | D:11     | Bought a scroll of enchant armour for 105 gold pieces
  9470 | D:11     | Bought a scroll of teleportation for 42 gold pieces
  9470 | D:11     | Bought a scroll of noise for 14 gold pieces
  9470 | D:11     | Bought a scroll of magic mapping for 49 gold pieces
  9470 | D:11     | Bought a scroll of identify for 28 gold pieces
  9681 | D:11     | Got an ancient buckler
  9687 | D:11     | Identified the +0 buckler of the Republic {-Tele Str+5}
                  | (You found it on level 11 of the Dungeon)
  9867 | Lair:1   | Entered Level 1 of the Lair of Beasts
 10141 | Lair:1   | Reached skill level 1 in Evocations
 10146 | Lair:1   | Reached XP level 12. HP: 67/107 MP: 12/12
 10178 | Lair:1   | Reached skill level 13 in Shields
 10503 | Lair:1   | Noticed Joseph
 10509 | Lair:1   | Killed Joseph
 11358 | Lair:2   | Noticed a queen ant
 11401 | Lair:2   | Killed a queen ant
 11444 | Lair:2   | Reached skill level 10 in Armour
 11862 | Lair:2   | Reached ****** piety under Okawaru
 11895 | Lair:2   | Received a gift from Okawaru
 12086 | Lair:2   | Found a staircase to the Shoals.
 12435 | Lair:2   | Reached skill level 14 in Shields
 12701 | Lair:3   | Noticed an eight-headed hydra
 13005 | Lair:3   | Killed an eight-headed hydra
 13482 | Lair:3   | Found a staircase to the Snake Pit.
 13528 | Lair:3   | Reached XP level 13. HP: 84/116 MP: 13/13
 14718 | Lair:4   | Received a gift from Okawaru
 15462 | Lair:4   | Reached skill level 15 in Shields
 16628 | D:12     | Noticed Erolcha
 16650 | D:12     | Killed Erolcha
 17172 | D:12     | Received a gift from Okawaru
 17172 | D:12     | Reached skill level 15 in Long Blades
 18194 | D:12     | Reached XP level 14. HP: 120/127 MP: 14/14
 18570 | D:13     | Found a gate to the Vaults.
 18576 | D:13     | Reached skill level 16 in Shields
 19152 | Lair:5   | Found a transporter.
 19332 | Lair:5   | Found a runed translucent door.
 19334 | Lair:5   | Noticed Uhin Nir's ghost (journeyman MiBe)
 19355 | Lair:5   | Killed Uhin Nir's ghost
 19362 | Lair:5   | Got a pair of heavily runed boots
 19374 | Lair:5   | Identified the +0 pair of boots "Gugeomn" {+Inv rF+ Dex-5}
                  | (You found it on level 5 of the Lair of Beasts)
 19422 | Lair:5   | Found a transporter.
 19666 | Lair:5   | Received a gift from Okawaru
 20477 | Lair:6   | Entered Level 6 of the Lair of Beasts
 20829 | Lair:6   | Reached skill level 17 in Shields
 21692 | Lair:6   | Reached XP level 15. HP: 84/137 MP: 15/15
 21709 | Lair:6   | HP: 1/137 [death yak (17)]
 21709 | Lair:6   | Slain by a death yak

Levels and vault maps discovered:
D:1:      dpeg_arrival_arbitrary_a, layout_basic
D:2:      layout_loops_ring, old_standard_altar, uniq_robin
D:3:      minmay_diamond_boxcup, layout_basic,
          grunt_temple_overflow_champion_of_chaos, first_ration
D:4:      layout_loops_ring, minmay_temple_entry_trees,
          gammafunk_ghost_mausoleum, nicolae_ru_great_annihilating_truth
D:5:      layout_basic, grunt_temple_overflow_growth_and_decay,
          lemuel_round_altar, tso_metal_star, grunt_ministairs_2, fountainhead,
          roderic_malta_cross, uniq_prince_ribbit1
D:6:      layout_basic
D:7:      layout_rooms, gammafunk_temple_overflow_statue
D:8:      layout_gridville, kennysheep_little_box, uniq_grum
D:9:      layout_gridville, zombieorc2_lemuel, serial_shops, shop,
          hangedman_ranch [blue_anna_fruit_fields], cheibrodos_ashenzari_chains
D:10:     layout_cave_pools, lair_entry_dummy, serial_column_ruins,
          column_ruins_grid_3, column_ruins_columns_corner,
          column_ruins_columns_straight, column_ruins_grid_1,
          column_ruins_corridor_plus, column_ruins_open_medium,
          column_ruins_open_medium_water, serial_shops, shop, uniq_maurice,
          uniq_josephine
D:11:     layout_roguey, serial_shops, nicolae_shop_competitors_out_of_business,
          special_room [special_room_orc], enter_trove_0
D:12:     layout_long_grid, kennysheep_another_room, minivault_28, uniq_erolcha
D:13:     layout_rooms, david_vaults_2, fountainhead
Temple:   nicolae_temple_x_marks_the_god
Lair:1:   layout_regular_city, grunt_megastairs_4, infiniplex_staircase_pool,
          uniq_joseph
Lair:2:   layout_regular_city, minmay_shoals_entry_centaurs,
          minmay_another_anthill
Lair:3:   layout_roguey, minmay_snake_entry_six_corridors
Lair:4:   layout_small_grid, nicolae_lair_grove_arrangements, minivault_27,
          grunt_megastairs_3
Lair:5:   gammafunk_cloud_chamber, layout_cave_pods,
          ebering_ghost_reflecting_pool
Lair:6:   grunt_lair_end_beastmaster, layout_hall_layers,
          minmay_slime_entry_oklob_enclosed

Skill      XL: |  1  2  3  4  5  6  7  8  9 10 11 12 13 14 |
---------------+-------------------------------------------+-----
Shields        | 4 5 7 8 10 11 12 14 15 17 | 17.5
Long Blades    | 3 4 5 6 8 10 12 13 14 15 | 15.6
Armour         | 4 5 6 7 8 9 10 12 13 | 13.6
Fighting       | 4 5 6 7 9 10 11 12 13 | 13.9
Dodging        | 1 2 3 |  3.7
Stealth        | 1 2 |  2.0
Short Blades   | 1 2 3 |  3.6
Invocations    | 1 2 |  2.5
Evocations     | 1 2 |  2.5

Action                   |  1- 3 |  4- 6 |  7- 9 | 10-12 | 13-15 || total
-------------------------+-------+-------+-------+-------+-------++-------
Melee: Long sword        |    85 |   202 |   447 |  1045 |   456 ||  2235
       Headbutt          |    11 |    38 |    96 |   327 |   337 ||   809
       Short sword       |       |       |       |    36 |    61 ||    97
       Scimitar          |       |       |       |       |   547 ||   547
Invok: Heroism           |       |       |     5 |    18 |    17 ||    40
Evoke: Wand              |       |       |       |    24 |    10 ||    34
  Use: Scroll            |       |     5 |       |     7 |     5 ||    17
       Potion            |       |       |     1 |     1 |     5 ||     7
 Stab: Paralysed         |       |     1 |       |       |       ||     1
       Petrified         |       |       |       |       |     7 ||     7
  Eat: Chunk             |       |     6 |    13 |    27 |    21 ||    67
       Ration            |       |       |       |       |     2 ||     2
Armor: Scale mail        |    53 |    63 |       |       |       ||   116
       Plate armour      |       |    17 |   201 |   447 |   440 ||  1105
Dodge: Dodged            |    38 |    56 |    92 |   250 |   172 ||   608
Block: Shield            |    65 |   118 |   268 |   275 |       ||   726
       Buckler           |       |       |       |   274 |   186 ||   460
       Large shield      |       |       |       |       |   621 ||   621
       Rpst.: Long sword |    10 |     9 |    21 |    75 |    21 ||   136
       Scimitar          |       |       |       |       |    12 ||    12

Table legend:
 A = Non-vault XP
 B = Vault XP
 C = Vault XP percentage of total XP
 D = Non-vault monster count
 E = Vault monster count
 F = Vault count percentage of total count
                 A         B        C        D         E       F
            +---------+---------+-------+---------+---------+-------
      Total |   74603 |   29228 |  28.1 |     509 |     185 |  26.7
            +---------+---------+-------+---------+---------+-------
        D:1 |      43 |       0 |   0.0 |      24 |       0 |   0.0
        D:2 |     165 |      35 |  17.5 |      26 |      11 |  29.7
        D:3 |     171 |      86 |  33.5 |      19 |      10 |  34.5
        D:4 |     301 |      52 |  14.7 |      16 |       4 |  20.0
        D:5 |     522 |     338 |  39.3 |      25 |       2 |   7.4
        D:6 |    1023 |       0 |   0.0 |      38 |       0 |   0.0
        D:7 |    1397 |       0 |   0.0 |      31 |       0 |   0.0
        D:8 |    1130 |     645 |  36.3 |      15 |       5 |  25.0
        D:9 |    2810 |    3696 |  56.8 |      27 |      46 |  63.0
       D:10 |    3118 |    1706 |  35.4 |      12 |       4 |  25.0
       D:11 |    2055 |     877 |  29.9 |      28 |      24 |  46.2
       D:12 |    5033 |    5860 |  53.8 |      32 |      13 |  28.9
       D:13 |    9534 |    1763 |  15.6 |      45 |       3 |   6.2
     Lair:1 |    2545 |    1230 |  32.6 |      12 |       3 |  20.0
     Lair:2 |    7341 |    2810 |  27.7 |      34 |      27 |  44.3
     Lair:3 |    5179 |    2332 |  31.0 |      20 |      16 |  44.4
     Lair:4 |    9939 |    1514 |  13.2 |      42 |       5 |  10.6
     Lair:5 |   10000 |    1849 |  15.6 |      28 |       1 |   3.4
     Lair:6 |   12297 |    4435 |  26.5 |      35 |      11 |  23.9
            +---------+---------+-------+---------+---------+-------
